 Dungeon Crawl Stone Soup version 0.29-a0-323-g050149af67 (webtiles) character file.

Game seed: 12925683922728899472

94 Leszczynek the Chopper (level 4, -5/35 HPs)
             Began as a Human Gladiator on Apr 10, 2022.
             Slain by an orc
             ... wielding a +0 war axe
              (7 damage)
             ... on level 4 of the Dungeon.
             The game lasted 00:04:57 (840 turns).

Leszczynek the Chopper (Human Gladiator)             Turns: 840, Time: 00:04:58

Health: -5/35      AC:  5    Str: 17    XL:     4   Next: 94%
Magic:  4/4        EV: 12    Int:  8    God:
Gold:   87         SH:  0    Dex: 14    Spells: 3/3 levels left

rFire   + . .      SeeInvis .   a - +0 war axe
rCold   . . .      Faith    .   (no shield)
rNeg    . . .      Spirit   .   b - +0 leather armour
rPois   .          Reflect  .   c - +0 helmet
rElec   .          Harm     .   (no cloak)
rCorr   +          Rampage  .   (no gloves)
Will    .....                   f - +0 pair of boots
Stlth   +.........              (no amulet)
HPRegen 0.11/turn               o - ring of resist corrosion
MPRegen 0.09/turn               s - ring of protection from fire

@: no status effects
A: no striking features
a: no special abilities


You were on level 4 of the Dungeon.
You visited 1 branch of the dungeon, and saw 4 of its levels.

You collected 87 gold pieces.

Inventory:

Hand Weapons
 a - a +0 war axe (weapon)
Missiles
 d - 3 throwing nets
 e - a javelin
 j - 2 boomerangs (quivered)
Armour
 b - a +0 leather armour (worn)
 c - a +0 helmet (worn)
 f - a +0 pair of boots (worn)
Jewellery
 o - a ring of resist corrosion (left hand)
 s - a ring of protection from fire (right hand)
Wands
 n - a wand of polymorph (4)
Scrolls
 g - a scroll of summoning
 i - a scroll of fog
 k - a scroll of enchant armour {unknown}
 l - a scroll of magic mapping {unknown}
 m - a scroll of fear {unknown}
 p - a scroll of immolation {unknown}
 v - a scroll of teleportation {unknown}
Potions
 q - a potion of brilliance {unknown}
 t - a potion of attraction {unknown}
 u - a potion of cancellation {unknown}


   Skills:
 * Level 3.1 Fighting
 * Level 3.9 Axes
 + Level 2.5 Throwing
 + Level 3.4 Dodging


You had 3 spell levels left.
You didn't know any spells.
Your spell library contained the following spells:

 Spells                   Type           Power      Damage    Failure   Level
 Pain                     Necr           0%         1d4       47%         1
 Agony                    Necr           0%         N/A       100%        5
 Excruciating Wounds      Necr           0%         N/A       100%        5


Dungeon Overview and Level Annotations

Branches:
Dungeon (4/15)
 Temple: D:4-7

Altars:
Hepliaklqana


Message History

You kill the orc!
The orc priest misses you.
The orc wizard hits you but does no damage.
You barely miss the orc priest.
You punch the orc priest, but do no damage.
The orc priest is almost dead.
You barely miss the orc wizard. You hit the orc but do no damage.
The orc priest hits you with a +0 mace. The orc closely misses you.
You hit the orc priest.
The orc priest is almost dead.
You barely miss the orc wizard. You hit the orc.
You hit the orc but do no damage.
The orc priest begins to cast a cantrip, but forgets the words!
The orc closely misses you.
The orc wizard hits you with a +0 dagger.
* * * LOW HITPOINT WARNING * * *
The orc completely misses you.
A ball python comes into view.
The orc priest barely misses you. The orc hits you with a +0 war axe.
* * * LOW HITPOINT WARNING * * *
The orc wizard hits you but does no damage.
The orc closely misses you.
Unknown command.
Unknown command.
You slash the orc priest!
You kill the orc priest!
You barely miss the orc wizard. You closely miss the orc.
You hit the orc but do no damage. The orc hits you but does no damage.
The orc wizard hits you but does no damage.
The orc barely misses you.
Your Fighting skill increases to level 3!
Unknown command.
Unknown command.
You hit the orc wizard.
The orc wizard is severely wounded.
You hit the orc but do no damage. You hit the orc.
The orc hits you with a +0 dagger.
* * * LOW HITPOINT WARNING * * *
The orc hits you with a +0 war axe!
You die...

#. #.# #.# #.#
#.##.###.# #..
##...<....# #.#
#.....##..# #.# #
.##..##.##..###.#####.#
......................#
.##.........#.........#
#...####.###...#....##
#.... ...# ##)@o......
##.#. ##### #o.o......
#.#. #......... # #.
#+##S..### .. ...# ...#
###


You could see an orc wizard, 2 orcs and a ball python.

Vanquished Creatures
  A hound (D:4)
  An orc priest (D:4)
  An orc (D:4)
  6 ball pythons
  4 endoplasms
  4 goblins
  A hobgoblin (D:3)
  4 jackals (D:2)
  2 quokkas
  A bat (D:1)
  2 frilled lizards (D:2)
  A kobold (D:2)
  2 rats
30 creatures vanquished.

Notes
Turn   | Place    | Note
-------+----------+-------------------------------------------
     0 | D:1      | Leszczynek the Human Gladiator began the quest for the Orb.
     0 | D:1      | Reached XP level 1. HP: 16/16 MP: 1/1
   174 | D:1      | Reached XP level 2. HP: 20/22 MP: 2/2
   385 | D:3      | Noticed a black bear
   471 | D:2      | Found a hazy altar of Hepliaklqana.
   593 | D:3      | Reached XP level 3. HP: 20/28 MP: 3/3
   809 | D:4      | Reached XP level 4. HP: 24/34 MP: 4/4
   838 | D:4      | HP: 5/34 [orc/+0 war axe (3)]
   840 | D:4      | Reached skill level 3 in Fighting
   840 | D:4      | HP: 2/35 [orc/+0 dagger (3)]
   840 | D:4      | Slain by an orc

Illustrated notes

Levels and vault maps discovered:
D:1:      onia_arrival_mini_maze, layout_basic, grunt_decor_arrowhead
D:2:      layout_loops_cross, shapermc_ecumenical_altar_pompeii, basic_altar
D:3:      layout_basic, minmay_misc_feat_rows
D:4:      layout_loops_corners, mainiacjoe_overflow_cross_hatched,
          minmay_temple_entry_glass, corexii_shack

Skill      XL: |  1  2  3  4 |
---------------+-------------+-----
Fighting       | 3 |  3.1
Axes           | |  3.9
Throwing       | |  2.5
Dodging        | |  3.4

Action                   |  1- 3 |  4- 6 || total
-------------------------+-------+-------++-------
Melee: War axe           |    59 |    12 ||    71
       Punch             |     1 |     1 ||     2
Throw: Boomerang         |     1 |     3 ||     4
  Use: Scroll            |     3 |       ||     3
       Potion            |       |     3 ||     3
 Stab: Sleeping          |     1 |       ||     1
Armor: Leather armour    |    22 |     8 ||    30
Dodge: Dodged            |    46 |    17 ||    63

Table legend: (Time is in decaauts)
 A = Elapsed time spent in this place.
 B = Non-inter-level travel time spent in this place.
 C = Inter-level travel time spent in this place.
 D = Time resting spent in this place.
 E = Time spent auto-exploring this place.
 F = Levels seen in this place.
 G = Mean time per level.
                   A        B        C        D        E       F      G
               +--------+--------+--------+--------+--------+-----+--------+
         Total |    867 |    851 |     16 |      0 |      0 |   4 |  216.8 |
       Dungeon |    867 |    851 |     16 |      0 |      0 |   4 |  216.8 |
               +--------+--------+--------+--------+--------+-----+--------+

Top non-repeatable levels by time:
     D:2: 301 daAuts
     D:1: 276 daAuts
     D:3: 241 daAuts
     D:4: 48 daAuts
